| TOP OF THE 1ST |
|
Augusta GreenJackets batting - Pitching for West Virginia Power : RHP Nelson Villalva
|
|
Pitching: RHP Nelson Villalva
|
|
|
Batting: LHB Kevin Kantor
|
0-0: Called Strike 0-1: Foul Ball, location: 2F 0-2: Strikes out looking
|
|
Batting: RHB Lucan Esini
|
0-0: Ball 1-0: Ball 2-0: Ground out 5-3 (Groundball, 56S, EV 91.2 MPH)
|
|
Batting: LHB Gabe Velez
|
0-0: Foul Ball, location: 2F 0-1: Called Strike 0-2: Ball 1-2: Ball 2-2: Foul Ball, location: 2F 2-2: Foul Ball, location: 2F 2-2: Foul Ball, location: 2F 2-2: Foul Ball, location: 2F 2-2: SOLO HOME RUN (Flyball, 9D, EV 96.2 MPH), Distance : 361 ft
|
|
Batting: RHB Omar Jordan
|
0-0: Swinging Strike 0-1: Ball 1-1: Ball 2-1: SOLO HOME RUN (Flyball, 89XD, EV 95.0 MPH), Distance : 385 ft
|
|
Batting: RHB Chris King
|
0-0: Ball 1-0: Called Strike 1-1: Ball 2-1: Foul Ball, location: 2F 2-2: Ball 3-2: Ground out 1-3 (Groundball, 13S, EV 60.6 MPH)
|
| Top of the 1st over - 2 runs, 2 hits, 0 errors, 0 left on base; Augusta 2 - West Virginia 0 |
| BOTTOM OF THE 1ST |
|
West Virginia Power batting - Pitching for Augusta GreenJackets : RHP Josh Harriston
|
|
Pitching: RHP Josh Harriston
|
|
|
Batting: LHB Micah Boshnjaku
|
0-0: Ball 1-0: Ball 2-0: Swinging Strike 2-1: Ball 3-1: Base on Balls
|
|
Batting: RHB Jose Lozano
|
0-0: Ball 1-0: Ball 2-0: Ball 3-0: Called Strike 3-1: Called Strike 3-2: Foul Ball, location: 2F 3-2: Base on Balls Micah Boshnjaku to second
|
|
Batting: SHB Brad Day
|
0-0: Fielders Choice at 2nd, 5-4 (Groundball, 56, EV 105.0 MPH) Micah Boshnjaku to third
|
|
Batting: RHB Tom Primmer
|
0-0: Ball 1-0: Called Strike 1-1: Ball 2-1: Ground out 5-3 (Groundball, 56, EV 107.5 MPH) Micah Boshnjaku scores Brad Day to second
|
|
Batting: RHB Jordan Robinson
|
0-0: Called Strike 0-1: Ball 1-1: Called Strike 1-2: Foul Ball, location: 2F 1-2: Fly out, F9 (Flyball, 9, EV 83.8 MPH)
|
| Bottom of the 1st over - 1 run, 0 hits, 0 errors, 1 left on base; Augusta 2 - West Virginia 1 |
| TOP OF THE 2ND |
|
Augusta GreenJackets batting - Pitching for West Virginia Power : RHP Nelson Villalva
|
|
Batting: RHB Justin Baldwin
|
0-0: Ball 1-0: Ball 2-0: Called Strike 2-1: Ball 3-1: Fly out, F8 (Flyball, 8RD, EV 90.0 MPH)
|
|
Pitching: RHP Travis Luckett
|
|
|
Batting: RHB Davey Beeson
|
0-0: Called Strike 0-1: Foul Ball, location: 2F 0-2: Ball 1-2: Strikes out swinging
|
|
Batting: RHB Drew Duncan
|
0-0: Called Strike 0-1: Swinging Strike 0-2: Strikes out swinging
|
| Top of the 2nd over - 0 runs, 0 hits, 0 errors, 0 left on base; Augusta 2 - West Virginia 1 |
| BOTTOM OF THE 2ND |
|
West Virginia Power batting - Pitching for Augusta GreenJackets : RHP Josh Harriston
|
|
Batting: RHB Ted Goldblatt
|
0-0: Ball 1-0: DOUBLE (Groundball, 5L, EV 102.5 MPH)
|
|
Batting: RHB Pleun Smit
|
0-0: Foul Ball, location: 2F 0-1: Ball 1-1: Ground out 6-3 (Groundball, 6, EV 102.5 MPH)
|
|
Batting: RHB John Beiswenger
|
0-0: Fly out, F7 (Flyball, 7D, EV 101.9 MPH)
|
|
Batting: RHB Jesus Marquez
|
0-0: Called Strike 0-1: Foul Ball, location: 2F 0-2: Ball 1-2: Strikes out swinging
|
| Bottom of the 2nd over - 0 runs, 1 hit, 0 errors, 1 left on base; Augusta 2 - West Virginia 1 |
| TOP OF THE 3RD |
|
Augusta GreenJackets batting - Pitching for West Virginia Power : RHP Travis Luckett
|
|
Batting: RHB Juan Flores
|
0-0: Ball 1-0: Ground out 5-3 (Groundball, 56, EV 80.0 MPH)
|
|
Batting: LHB Kevin Kantor
|
0-0: Ball 1-0: Foul Ball, location: 2F 1-1: Called Strike 1-2: Foul Ball, location: 2F 1-2: Ball 2-2: Strikes out swinging
|
|
Batting: RHB Lucan Esini
|
0-0: Ball 1-0: Ball 2-0: Called Strike 2-1: Fly out, F8 (Line Drive, 8RD, EV 103.8 MPH)
|
| Top of the 3rd over - 0 runs, 0 hits, 0 errors, 0 left on base; Augusta 2 - West Virginia 1 |
| BOTTOM OF THE 3RD |
|
West Virginia Power batting - Pitching for Augusta GreenJackets : RHP Josh Harriston
|
|
Batting: LHB Micah Boshnjaku
|
0-0: Foul Ball, location: 2F 0-1: Called Strike 0-2: Ball 1-2: Foul Ball, location: 2F 1-2: Ball 2-2: Ball 3-2: Ground out 4-3 (Groundball, 4, EV 90.0 MPH)
|
|
Batting: RHB Jose Lozano
|
0-0: Ball 1-0: Called Strike 1-1: Ball 2-1: SINGLE (Groundball, 56S, EV 64.4 MPH) (infield hit)
|
|
Batting: SHB Brad Day
|
0-0: Ball 1-0: Foul Ball, location: 2F 1-1: Reached on error, E6 (Groundball, 6, EV 81.9 MPH) Jose Lozano to second
|
|
Batting: RHB Tom Primmer
|
0-0: Called Strike 0-1: Called Strike 0-2: Hit by Pitch Jose Lozano to third Brad Day to second
|
|
Batting: RHB Jordan Robinson
|
0-0: Called Strike 0-1: Called Strike 0-2: Ball 1-2: Ball 2-2: Ball 3-2: Fly out, F9 (Flyball, 9, EV 94.4 MPH) Runner from 3rd tags up, SCORES, throw by RF
|
|
Batting: RHB Ted Goldblatt
|
0-0: Ball 1-0: Fly out, F4 (Popup, 4D, EV 66.2 MPH)
|
| Bottom of the 3rd over - 1 run, 1 hit, 1 error, 2 left on base; Augusta 2 - West Virginia 2 |
| TOP OF THE 4TH |
|
Augusta GreenJackets batting - Pitching for West Virginia Power : RHP Travis Luckett
|
|
Batting: LHB Gabe Velez
|
0-0: Foul Ball, location: 2F 0-1: Called Strike 0-2: Ball 1-2: Ball 2-2: Ball 3-2: Fly out, F8 (Flyball, 8RM, EV 91.2 MPH)
|
|
Batting: RHB Omar Jordan
|
0-0: Called Strike 0-1: Swinging Strike 0-2: Ball 1-2: Foul Ball, location: 2F 1-2: Ball 2-2: Foul Ball, location: 2F 2-2: Fly out, F9 (Flyball, 9LM, EV 85.0 MPH)
|
|
Batting: RHB Chris King
|
0-0: Ball 1-0: Ball 2-0: Ball 3-0: Base on Balls
|
|
Batting: RHB Justin Baldwin
|
0-0: Ball 1-0: Ball 2-0: Ball 3-0: Base on Balls Chris King to second
|
|
Batting: RHB Davey Beeson
|
0-0: Fly out, F8 (Flyball, 8RM, EV 88.1 MPH)
|
| Top of the 4th over - 0 runs, 0 hits, 0 errors, 2 left on base; Augusta 2 - West Virginia 2 |
| BOTTOM OF THE 4TH |
|
West Virginia Power batting - Pitching for Augusta GreenJackets : RHP Josh Harriston
|
|
Batting: RHB Pleun Smit
|
0-0: Ball 1-0: Called Strike 1-1: Swinging Strike 1-2: Ball 2-2: Ball 3-2: Fly out, F9 (Flyball, 89M, EV 91.9 MPH)
|
|
Batting: RHB John Beiswenger
|
0-0: Ground out 6-3 (Groundball, 6, EV 85.0 MPH)
|
|
Batting: RHB Jesus Marquez
|
0-0: Foul Ball, location: 2F 0-1: Ball 1-1: Swinging Strike 1-2: Strikes out swinging
|
| Bottom of the 4th over - 0 runs, 0 hits, 0 errors, 0 left on base; Augusta 2 - West Virginia 2 |
| TOP OF THE 5TH |
|
Augusta GreenJackets batting - Pitching for West Virginia Power : RHP Travis Luckett
|
|
Batting: RHB Drew Duncan
|
0-0: Ball 1-0: Ground out 5-3 (Groundball, 56, EV 86.9 MPH)
|
|
Batting: RHB Juan Flores
|
0-0: Ground out 5-3 (Groundball, 5L, EV 93.8 MPH)
|
|
Batting: LHB Kevin Kantor
|
0-0: Ball 1-0: Ball 2-0: Ball 3-0: Base on Balls
|
|
Batting: RHB Lucan Esini
|
0-0: Ball Kevin Kantor steals 2nd base 1-0: Ball 2-0: Ground out 5-3 (Groundball, 56, EV 88.1 MPH)
|
| Top of the 5th over - 0 runs, 0 hits, 0 errors, 1 left on base; Augusta 2 - West Virginia 2 |
| BOTTOM OF THE 5TH |
|
West Virginia Power batting - Pitching for Augusta GreenJackets : RHP Josh Harriston
|
|
Batting: LHB Micah Boshnjaku
|
0-0: Ball 1-0: Ball 2-0: Foul Ball, location: 2F 2-1: Ground out 4-3 (Groundball, 4, EV 83.1 MPH)
|
|
Batting: RHB Jose Lozano
|
0-0: Ball 1-0: Ball 2-0: Called Strike 2-1: Called Strike 2-2: Ball 3-2: Base on Balls
|
|
Batting: SHB Brad Day
|
0-0: Ball 1-0: Ball Jose Lozano steals 2nd base 2-0: TRIPLE (Flyball, 8RXD, EV 108.1 MPH) Jose Lozano scores
|
|
Batting: RHB Tom Primmer
|
0-0: Ball 1-0: Called Strike 1-1: Swinging Strike 1-2: Strikes out swinging
|
|
Batting: RHB Jordan Robinson
|
0-0: DOUBLE (Groundball, 5L, EV 101.2 MPH) Brad Day scores
|
|
Batting: RHB Ted Goldblatt
|
0-0: Called Strike 0-1: Swinging Strike 0-2: Strikes out looking
|
| Bottom of the 5th over - 2 runs, 2 hits, 0 errors, 1 left on base; Augusta 2 - West Virginia 4 |
| TOP OF THE 6TH |
|
Augusta GreenJackets batting - Pitching for West Virginia Power : RHP Travis Luckett
|
|
Batting: LHB Gabe Velez
|
0-0: Foul Ball, location: 2F 0-1: Ball 1-1: Swinging Strike 1-2: Strikes out swinging
|
|
Batting: RHB Omar Jordan
|
0-0: Ball 1-0: Ground out 6-3 (Groundball, 6, EV 88.8 MPH)
|
|
Batting: RHB Chris King
|
0-0: Foul Ball, location: 2F 0-1: Swinging Strike 0-2: Strikes out swinging
|
| Top of the 6th over - 0 runs, 0 hits, 0 errors, 0 left on base; Augusta 2 - West Virginia 4 |
| BOTTOM OF THE 6TH |
|
West Virginia Power batting - Pitching for Augusta GreenJackets : RHP Josh Harriston
|
|
Batting: RHB Pleun Smit
|
0-0: Foul Ball, location: 2F 0-1: Foul Ball, location: 2F 0-2: Ball 1-2: Fly out, F8 (Flyball, 8LS, EV 91.9 MPH)
|
|
Pitching: RHP Lorenzo Merjil
|
|
|
Batting: RHB John Beiswenger
|
0-0: Ball 1-0: Foul Ball, location: 2F 1-1: Ball 2-1: Ball 3-1: Ground out 4-3 (Groundball, 4S, EV 90.0 MPH)
|
|
Batting: RHB Jesus Marquez
|
0-0: Called Strike 0-1: Called Strike 0-2: Strikes out swinging
|
| Bottom of the 6th over - 0 runs, 0 hits, 0 errors, 0 left on base; Augusta 2 - West Virginia 4 |
| TOP OF THE 7TH |
|
Augusta GreenJackets batting - Pitching for West Virginia Power : RHP Travis Luckett
|
|
Pitching: RHP Joel Olausson
|
|
|
Batting: RHB Justin Baldwin
|
0-0: Ground out 6-3 (Groundball, 6, EV 88.1 MPH)
|
|
Batting: RHB Davey Beeson
|
0-0: Ball 1-0: Ball 2-0: SOLO HOME RUN (Flyball, 78XD, EV 100.6 MPH), Distance : 394 ft
|
|
Batting: RHB Drew Duncan
|
0-0: Ball 1-0: Ground out 5-3 (Groundball, 5, EV 84.4 MPH)
|
|
Batting: RHB Juan Flores
|
0-0: Called Strike 0-1: Ball 1-1: Foul Ball, location: 2F 1-2: Ground out 6-3 (Groundball, 6D, EV 108.1 MPH)
|
| Top of the 7th over - 1 run, 1 hit, 0 errors, 0 left on base; Augusta 3 - West Virginia 4 |
| BOTTOM OF THE 7TH |
|
West Virginia Power batting - Pitching for Augusta GreenJackets : RHP Lorenzo Merjil
|
|
Pitching: LHP Kyle Worford
|
|
|
Batting: LHB Micah Boshnjaku
|
0-0: Ball 1-0: Ball 2-0: Ball 3-0: Base on Balls
|
|
Batting: RHB Jose Lozano
|
0-0: Foul Ball, location: 2F 0-1: Called Strike Micah Boshnjaku steals 2nd, throwing error, E2 Micah Boshnjaku to third 0-2: Ball 1-2: Ball 2-2: Strikes out looking
|
|
Batting: SHB Brad Day
|
0-0: Intentional Walk
|
|
Batting: RHB Tom Primmer
|
0-0: Ball Brad Day steals 2nd base 1-0: Called Strike 1-1: Foul Ball, location: 2F 1-2: Foul Ball, location: 2F 1-2: Foul Ball, location: 2F 1-2: Strikes out swinging
|
|
Batting: RHB Jordan Robinson
|
0-0: Foul Ball, location: 2F 0-1: Ball 1-1: Ball 2-1: Foul Ball, location: 2F 2-2: Ball 3-2: Ground out 1-3 (Groundball, P, EV 66.9 MPH)
|
| Bottom of the 7th over - 0 runs, 0 hits, 1 error, 2 left on base; Augusta 3 - West Virginia 4 |
| TOP OF THE 8TH |
|
Augusta GreenJackets batting - Pitching for West Virginia Power : RHP Joel Olausson
|
|
Batting: LHB Kevin Kantor
|
0-0: Swinging Strike 0-1: Ball 1-1: Called Strike 1-2: Ball 2-2: Ball 3-2: Foul Ball, location: 2F 3-2: Strikes out looking
|
|
Batting: RHB Lucan Esini
|
0-0: Ball 1-0: Ball 2-0: Foul Ball, location: 2F 2-1: Ball 3-1: Called Strike 3-2: Base on Balls
|
|
Batting: LHB Gabe Velez
|
0-0: Ball Lucan Esini steals 2nd base 1-0: Ball Lucan Esini steals 3rd base 2-0: Swinging Strike 2-1: Foul Ball, location: 2F 2-2: Strikes out looking
|
|
Batting: RHB Omar Jordan
|
0-0: Called Strike 0-1: Ball 1-1: Swinging Strike 1-2: Foul Ball, location: 2F 1-2: Strikes out swinging
|
| Top of the 8th over - 0 runs, 0 hits, 0 errors, 1 left on base; Augusta 3 - West Virginia 4 |
| BOTTOM OF THE 8TH |
|
West Virginia Power batting - Pitching for Augusta GreenJackets : LHP Kyle Worford
|
|
Pitching: RHP Ron Riley
|
|
|
Batting: RHB Ted Goldblatt
|
0-0: Called Strike 0-1: Ball 1-1: DOUBLE (Line Drive, 89XD, EV 106.2 MPH)
|
|
Batting: RHB Pleun Smit
|
0-0: Fly out, F7 (Flyball, 7S, EV 80.6 MPH)
|
|
Batting: RHB John Beiswenger
|
0-0: Intentional Walk
|
|
Batting: RHB Jesus Marquez
|
0-0: Called Strike 0-1: Ball 1-1: Foul Ball, location: 2F 1-2: Foul Ball, location: 2F 1-2: Ground out U3 (Groundball, 3L, EV 90.6 MPH) Ted Goldblatt to third John Beiswenger to second
|
|
Batting: LHB Micah Boshnjaku
|
0-0: Foul Ball, location: 2F 0-1: Ball 1-1: Ball 2-1: Called Strike 2-2: Ball 3-2: Base on Balls
|
|
Batting: RHB Jose Lozano
|
0-0: Fly out, F1 (Line Drive, P, EV 65.6 MPH)
|
| Bottom of the 8th over - 0 runs, 1 hit, 0 errors, 3 left on base; Augusta 3 - West Virginia 4 |
| TOP OF THE 9TH |
|
Augusta GreenJackets batting - Pitching for West Virginia Power : RHP Joel Olausson
|
|
Pitching: RHP Troy Conners
|
|
|
Batting: RHB Chris King
|
0-0: Ball 1-0: Foul Ball, location: 2F 1-1: Foul Ball, location: 2F 1-2: Ball 2-2: Strikes out swinging
|
|
Batting: RHB Justin Baldwin
|
0-0: Ball 1-0: Called Strike 1-1: Foul Ball, location: 2F 1-2: Foul Ball, location: 2F 1-2: Foul Ball, location: 2F 1-2: Ground out 6-3 (Groundball, 56, EV 98.8 MPH)
|
|
Batting: RHB Davey Beeson
|
0-0: Called Strike 0-1: Foul Ball, location: 2F 0-2: Strikes out looking
|
| Top of the 9th over - 0 runs, 0 hits, 0 errors, 0 left on base; Augusta 3 - West Virginia 4 |
|